 Dungeon Crawl Stone Soup version 0.18-a0-844-g9229740 (webtiles) character file.

938 Ijustatesigmund the Sneak (level 8, -2/42 HPs)
             Began as a Vine Stalker Assassin on Dec 18, 2015.
             Slain by an ogre
             ... wielding a +0 giant spiked club
              (12 damage)
             ... on level 6 of the Dungeon.
             The game lasted 00:19:11 (4114 turns).

Ijustatesigmund the Sneak (Vine Stalker Assassin)   Turns: 4114, Time: 00:19:11

Health: -2/42      AC:  4    Str: 14    XL:     8   Next: 12%
Magic:  0/12       EV: 11    Int: 13    God:
Gold:   246        SH:  0    Dex: 16    Spells: 0 memorised, 11 levels left

rFire  . . .     SeeInvis .     r - +0 dagger (venom)
rCold  . . .     Gourm    .     c - +0 robe
rNeg   . . .     Faith    .     (no shield)
rPois  .         Spirit   +     (no helmet)
rElec  .         Dismiss  .     d - +1 cloak
rCorr  .         Reflect  .     (no gloves)
SustAt .         Harm     .     (no boots)
MR     +....                    (no amulet)
Stlth  ++++......               (no ring)
                                (no ring)

@: somewhat resistant to hostile enchantments, stealthy
A: fangs 3, regeneration 2, magic shield, antimagic bite, no device heal 3, rot
immunity
a: no special abilities


You were on level 6 of the Dungeon.
You were hungry.

You visited 1 branch of the dungeon, and saw 6 of its levels.

You collected 246 gold pieces.

Inventory:

Hand Weapons
 a - a +3 dagger
 b - a +0 blowgun
 r - a +0 dagger of venom (weapon)
Missiles
 e - 20 poisoned needles
Armour
 c - a +0 robe (worn)
 d - a +1 cloak (worn)
 j - a +0 buckler
Jewellery
 u - an uncursed amulet of dismissal
Wands
 n - a wand of magic darts (24)
Scrolls
 q - a scroll of enchant armour
 s - a scroll of identify
 x - 2 scrolls of teleportation
Potions
 h - 2 potions of heal wounds
 i - a potion of flight
 k - a potion of magic
 l - a potion of might {unknown}
 m - a potion of invisibility
 p - a potion of cure mutation {unknown}
 t - a potion of haste {unknown}
 w - 4 potions of curing
 z - a potion of agility
 A - a potion of cancellation {unknown}
Comestibles
 g - 4 bread rations
 o - 3 royal jellies
 v - a meat ration


   Skills:
 - Level 4.5 Fighting
 - Level 4.0 Short Blades
 - Level 4.1 Throwing
 - Level 0.7 Dodging
 + Level 7.6 Stealth
 - Level 2.0 Spellcasting


You had 11 spell levels left.
You didn't know any spells.

Dungeon Overview and Level Annotations

Branches:
Dungeon (6/15)
 Temple: D:4-7

Altars:
Nemelex Xobeh
Pakellas
Sif Muna


Innate Abilities, Weirdness & Mutations

You have razor-sharp teeth.
You heal very quickly.
When hurt, damage is shared between your health and your magic reserves.
Your bite disrupts and absorbs the magic of your enemies.
Potions and wands cannot restore your health.
You are immune to rotting.


Message History

The ogre is severely wounded.
You hit the ogre. You bite the ogre, but do no damage.
The ogre is severely wounded.
The ogre hits you with a giant club!!
You barely miss the ogre.
The ogre is severely wounded.
The ogre closely misses you.
You hit the ogre. You bite the ogre. You drain its power.
You feel invigorated.
You kill the ogre!
Wield which item (- for none, * to show all)? (? for menu, Esc to quit)
It begins to drip with poison!
r - a +0 dagger of venom (weapon)
The ogre hits you with a giant spiked club!!
* * * LOW HITPOINT WARNING * * *
You barely miss the ogre. You hit the ogre.
The ogre is poisoned.
You bite the ogre. You drain its power.
You feel invigorated.
The ogre is lightly wounded.
The ogre hits you with a giant spiked club!
You die...

... .# # ##.##.#
##.##...#.#
..#......#
......O.# #.....#
#.$.# #.####### #
# #.).O@..# #. #
#######.# #.###
#.# #.... #.#
###.. #.# #####.#
#.## #...... #..#
#.##### ##.# #.#
#######.#######.#


You could see an ogre.

Vanquished Creatures
  Sigmund (D:2)
  An ice beast (D:6)
  2 ogres
  Blork the orc (D:4)
  A scorpion (D:5)
  A crimson imp (D:5)
  A jelly (D:6)
  An orc wizard (D:5)
  2 worker ants
  A centaur skeleton (D:5)
  Terence (D:2)
  5 adders
  10 gnolls
  2 oozes
  2 worms
  3 giant geckos
  3 orcs (D:5)
  A ball python (D:3)
  6 bats
  4 giant cockroaches
  5 goblins
  7 hobgoblins
  A quokka (D:3)
  A giant gecko skeleton (D:4)
  3 giant newts
  2 kobolds
  5 rats
73 creatures vanquished.

Notes
Turn   | Place    | Note
--------------------------------------------------------------
     0 | D:1      | Ijustatesigmund the Vine Stalker Assassin began the quest for the Orb.
     0 | D:1      | Reached XP level 1. HP: 11/11 MP: 2/2
    50 | D:1      | Reached skill level 5 in Stealth
   245 | D:1      | Reached XP level 2. HP: 13/15 MP: 1/3
  1062 | D:2      | Noticed Sigmund
  1079 | D:2      | Killed Sigmund
  1079 | D:2      | Reached skill level 6 in Stealth
  1079 | D:2      | Reached XP level 3. HP: 18/18 MP: 4/4
  1079 | D:2      | Reached XP level 4. HP: 23/23 MP: 5/5
  1079 | D:2      | Reached XP level 5. HP: 26/26 MP: 6/6
  1213 | D:2      | Noticed Terence
  1216 | D:2      | Killed Terence
  1836 | D:3      | Found a deep blue altar of Sif Muna.
  1867 | D:3      | Reached skill level 7 in Stealth
  1867 | D:3      | Gained mutation: You heal very quickly. [Vine Stalker growth]
  1867 | D:3      | Reached XP level 6. HP: 30/30 MP: 6/8
  1893 | D:3      | Reached skill level 1 in Spellcasting
  2090 | D:3      | Found an oddly glowing altar of Pakellas.
  2929 | D:4      | Found a sparkling altar of Nemelex Xobeh.
  3009 | D:4      | Noticed Blork the orc
  3027 | D:4      | Killed Blork the orc
  3027 | D:4      | Reached XP level 7. HP: 30/35 MP: 8/11
  3036 | D:4      | Found a deep blue altar of Sif Muna.
  3248 | D:5      | Entered Level 5 of the Dungeon
  4053 | D:6      | Gained mutation: You have razor-sharp teeth. [Vine Stalker growth]
  4053 | D:6      | Reached XP level 8. HP: 39/42 MP: 10/12
  4114 | D:6      | Slain by an ogre

Vault maps used:
D:1:      sevenhm_arrival_forest_fort_large_4
D:2:      uniq_sigmund, uniq_terence
D:3:      marbit_many_paths, old_standard_altar
D:4:      nemelex_xobeh_ov_fountains_minmay, first_bread, tgw_sif
D:6:      nicolae_overflow_hidden_temple, minmay_temple_entry_junction

Action                   |  1- 3 |  4- 6 |  7- 9 || total
-------------------------+-------+-------+-------++-------
Melee: Dagger            |    29 |    88 |    79 ||   196
 Fire: Blowgun           |     5 |    21 |    14 ||    40
Throw: Throwing net      |       |       |     1 ||     1
  Use: Scroll            |     7 |     3 |     5 ||    15
       Potion            |       |     1 |     2 ||     3
 Stab: Sleeping          |     4 |    12 |     4 ||    20
       Distracted        |       |     1 |       ||     1
  Eat: Chunk             |       |     6 |     2 ||     8
       Pizza             |       |       |     1 ||     1
